 Dungeon Crawl Stone Soup version 0.31-a0-981-geadf994542 (webtiles) character file.

Game seed: 15226275864376241368

991 avis the Changeling (level 7, 32/32 HPs)
             Began as a Felid Shapeshifter on Nov 2, 2023.
             Got out of the dungeon alive.
             The game lasted 00:18:13 (4624 turns).

avis the Changeling (Felid Shapeshifter)            Turns: 4624, Time: 00:18:13

Health: 32/32      AC:  2    Str: 10    XL:     7   Next: 98%
Magic:  8/8        EV: 21    Int: 12    God:
Gold:   187        SH:  0    Dex: 17    Spells: 6/6 levels left
                                        Lives:  0   Deaths: 3

rFire   . .          .
                       - Unarmed
rCold   . . .        (shield unavailable)
rNeg    . . .        (body armour unavailable)
rPois   .            (helmet unavailable)
rElec   .            (cloak unavailable)
rCorr   .            (gloves unavailable)
SInv    +            (boots unavailable)
Will    +....        (no amulet)
Stlth   +            (no ring)
HPRegen 0.25/turn    (no ring)
MPRegen 0.11/turn

%: no passive effects
@: flux-form, glowing, quick
A: glow, contaminating, very small, claws 1, fangs 3, see invisible, speed 1,
shaggy fur 2, stealthy paws, no weapons or thrown items, no armour, multi-lived
a: Begin Untransformation


You escaped.
You were something dangerously unstable.
You visited 1 branch of the dungeon, and saw 5 of its levels.

You collected 187 gold pieces.

Inventory:

Jewellery
 n - a ring of protection from fire
Talismans
 b - a beast talisman
 f - a flux talisman (active)
 s - a serpent talisman
Wands
 o - a wand of digging (4)
Scrolls
 c - a scroll of revelation {unknown}
 d - 2 scrolls of noise {unknown}
 e - a scroll of teleportation {unknown}
 g - 4 scrolls of identify {unknown}
 i - 5 scrolls of poison {unknown}
 m - a scroll of enchant armour {unknown}
 p - a scroll of fog {unknown}
Potions
 a - 2 potions of lignification
 h - a potion of heal wounds {unknown}
 j - a potion of mutation {unknown}
 k - a potion of curing
 l - 3 potions of haste


   Skills:
 - Level 4.0 Fighting
 * Level 6.9 Dodging
 - Level 4.0 Unarmed Combat
 - Level 7.0 Shapeshifting


You had 6 spell levels left.
You didn't know any spells.
Your spell library contained the following spells:

 Spells                   Type           Power      Damage    Failure   Level
 Kiss of Death            Conj/Necr      0%         2d5       32%         1
 Ensorcelled Hibernation  Hex/Ice        0%         N/A       45%         2
 Passwall                 Tmut/Erth      0%         N/A       45%         2
 Wereblood                Tmut           0%         N/A       45%         2
 Confusing Touch          Hex            0%         N/A       69%         3
 Swiftness                Air            0%         N/A       69%         3
 Dispel Undead            Necr           0%         3d6       97%         4
 Irradiate                Conj/Tmut      0%         3d11      100%        5


Dungeon Overview and Level Annotations

Branches:
Dungeon (5/15)
 Temple: D:4-7

Altars:

Shops:
D:1 (

Annotations:
D:4 Ijyb
D:5 exclusion: ice beast


Innate Abilities, Weirdness & Mutations

You are something dangerously unstable.
You glow with magical radiation, making you easy to see and hit.
Foes you strike become dangerously contaminated with magical radiation.
You have sharp claws.
You have razor-sharp teeth.
You have supernaturally acute eyesight. (SInv)
You cover ground quickly. (Speed+)
You are covered in thick fur. (AC +2)
Your paws help you pounce on unaware monsters.
You are incapable of wielding weapons or throwing items.
You cannot wear armour.
You gain extra lives every three experience levels.


Message History

You closely miss the killer bee. The killer bee stings you!
You are poisoned.
The killer bee poisons you! The killer bee stings you.
* * * LOW HITPOINT WARNING * * *
You scratch the killer bee.
The killer bee shudders as magic cascades through it!!
You kill the killer bee!
* * * LOW HITPOINT WARNING * * *
You feel very sick. The killer bee misses you.
It was a potion of haste.
You feel yourself speed up.
* * * LOW HITPOINT WARNING * * *
You feel sick. The killer bee closely misses you.
The killer bee completely misses you.
It was a potion of curing.
You feel better. The killer bee stings you!
You die...
Your shape twists and changes as you die.
You rejoin the land of the living...
What level of the Dungeon? (default 4, ? - help)
There is a stone staircase leading up here.
You climb upwards.
Level annotation: Ijyb
There is a stone staircase leading down here.
There is an open door here.
There is an open door here.
There is a stone staircase leading up here.
You climb upwards.
There is a stone staircase leading down, spattered with blood here.
You see here a +1 antimagic halberd.
There is an open door here.
There is a stone staircase leading up here.
You climb upwards.
There is a stone staircase leading down here.
You see here a +0 dagger.
There is a stone staircase leading up here.
You climb upwards.
There is a stone staircase leading down here.
There is an open gate here.
There is a staircase leading out of the dungeon here.
You have escaped!

###.####...#.........#......#####
###.# #.#.#......#..#...........
....####.#.#.........#.##########
......#..#.#.....###.#.#
....#.#..#.............#
....#.#..###########.###
....#................#
.........###############
.........#......p......#
.........#.............#
....#.#####...#####...##
..........#...## ##...#
...##..##.##...# #...##
..........##...###...#
#####..######...#...## # #.##
#...#...# # #..# ##.....##


There were no monsters in sight!

Vanquished Creatures
  Menkaure (D:4)
  An ice beast (D:5)
  2 ogres (D:5)
  A phantom (D:5)
  2 scorpions
  3 killer bees (D:5)
  An orc priest (D:5)
  11 gnolls
  8 adders
  A white imp (D:5)
  3 worms
  8 orcs
  A bat (D:1)
  2 endoplasms
  4 goblins
  8 hobgoblins
  7 jackals
  7 kobolds
  4 quokkas
  9 ball pythons
  3 frilled lizards
  4 rats
91 creatures vanquished.

Notes
Turn   | Place    | Note
-------+----------+-------------------------------------------
     0 | D:1      | avis the Felid Shapeshifter began the quest for the Orb.
     0 | D:1      | Reached XP level 1. HP: 9/9 MP: 2/2
    60 | D:1      | Found a faded altar of an unknown god.
   147 | D:1      | Found Kecluss's Weapon Shoppe.
   254 | D:1      | Reached XP level 2. HP: 9/12 MP: 3/3
   866 | D:2      | Reached XP level 3. HP: 13/16 MP: 4/4
  2200 | D:3      | Reached XP level 4. HP: 19/19 MP: 5/5
  2566 | D:4      | Noticed Menkaure
  2572 | D:4      | Killed Menkaure
  2573 | D:4      | Reached skill level 5 in Dodging
  2573 | D:4      | Reached skill level 4 in Shapeshifting
  2573 | D:4      | Reached XP level 5. HP: 22/22 MP: 6/6
  2626 | D:4      | Noticed Ijyb
  2670 | D:4      | Reached skill level 5 in Shapeshifting
  2877 | D:3      | Gained mutation: You are covered in thick fur. (AC +2)
                  | [Felid growth]
  2877 | D:3      | Reached XP level 6. HP: 26/26 MP: 7/7
  3312 | D:5      | Entered Level 5 of the Dungeon
  3476 | D:5      | Identified the +0 helmet "Satise Tito" {+Blink rElec
                  | Slay-3}
  3602 | D:5      | Mangled by an ogre
  3692 | D:5      | Noticed an ice beast
  3711 | D:5      | Reached skill level 6 in Shapeshifting
  3728 | D:5      | Reached XP level 7. HP: 22/31 MP: 8/8
  3971 | D:5      | Reached skill level 7 in Shapeshifting
  4328 | D:5      | Slain by a gnoll
  4488 | D:5      | Slain by a killer bee
  4624 | D:$      | Got out of the dungeon alive.

Illustrated notes

Levels and vault maps discovered:
D:1:      lemuel_arrival_funnel, layout_basic,
          shapermc_ecumenical_altar_mp_ritualfount, serial_shops, shop
D:2:      layout_loops_ring, serial_glass, glass_columns_a, glass_columns_b
D:3:      layout_basic
D:4:      layout_basic, minmay_manual_moon, uniq_menkaure, uniq_ijyb
D:5:      layout_loops_corners, minmay_strange_pillars, corexii_leaking_fountain

Skill      XL: |  1  2  3  4  5  6  7 |
---------------+----------------------+-----
Dodging        | 3 4 5 6 |  6.9
Fighting       | 2 3 4 |  4.0
Unarmed Combat | 4 |  4.0
Shapeshifting  | 4 5 6 7 |  7.0

Action                     |  1- 3 |  4- 6 |  7- 9 || total
---------------------------+-------+-------+-------++-------
  Melee: Unarmed           |   104 |    89 |    79 ||   272
         Bite              |     5 |    15 |    14 ||    34
         Punch             |     1 |       |       ||     1
    Use: Potion            |       |     1 |     2 ||     3
   Stab: Sleeping          |     1 |     2 |       ||     3
 Armour: Skin              |    17 |    18 |    20 ||    55
  Dodge: Dodged            |    74 |    67 |    68 ||   209
   Form: Flux              |       |       |     1 ||     1

Table legend: (Time is in decaauts)
 A = Elapsed time spent in this place.
 B = Non-inter-level travel time spent in this place.
 C = Inter-level travel time spent in this place.
 D = Time resting spent in this place.
 E = Time spent auto-exploring this place.
 F = Levels seen in this place.
 G = Mean time per level.
                   A        B        C        D        E       F      G
               +--------+--------+--------+--------+--------+-----+--------+
         Total |   3923 |   3483 |    440 |    633 |   1952 |   5 |  784.6 |
       Dungeon |   3923 |   3483 |    440 |    633 |   1952 |   5 |  784.6 |
               +--------+--------+--------+--------+--------+-----+--------+

Top non-repeatable levels by time:
     D:5: 983 daAuts
     D:1: 802 daAuts
     D:3: 784 daAuts
     D:2: 728 daAuts
     D:4: 625 daAuts
